 Dungeon Crawl Stone Soup version 0.26-a0-950-g52035dc9a5 (webtiles) character file.

Game seed: 15116957659180345253

287 KristoblXynda the Chucker (level 6, -2/61 HPs)
             Began as a Troll Hunter on Nov 29, 2020.
             Succumbed to an orc wizard's poison
             ... on level 4 of the Dungeon.
             The game lasted 00:04:33 (2645 turns).

KristoblXynda the Chucker (Troll Hunter)            Turns: 2645, Time: 00:04:34

Health: -2/61      AC:  6    Str: 21    XL:     6   Next: 8%
Magic:  14/14      EV: 10    Int:  9    God:
Gold:   149        SH:  0    Dex: 10    Spells: 5/5 levels left

rFire    . . .     SeeInvis .     - Unarmed
rCold    . . .     Faith    .   (no shield)
rNeg     . . .     Spirit   .   b - +0 robe
rPois    .         Reflect  .   (helmet restricted)
rElec    .         Harm     .   (no cloak)
rCorr    .         Rampage  .   (gloves unavailable)
MR       .....                  (boots unavailable)
Stlth    +.........             (no amulet)
HPRegen  0.60/turn              n - ring of magical power
MPRegen  0.14/turn              (no ring)

@: lethally poisoned (-2 -> -26), berserk cooldown, slowed, very slow
A: large, unfitting armour, claws 3, regeneration 1, shaggy fur 1, tough skin 3
a: no special abilities


You were on level 4 of the Dungeon.
You visited 1 branch of the dungeon, and saw 4 of its levels.

You collected 149 gold pieces.

Inventory:

Missiles
 c - 5 large rocks (quivered)
 d - 2 throwing nets
Armour
 b - a +0 robe (worn)
Jewellery
 n - a ring of magical power (left claw)
Wands
 p - a wand of iceblast (12)
Scrolls
 e - 3 scrolls of remove curse
 i - 3 scrolls of teleportation {unknown}
 k - 2 scrolls of magic mapping {unknown}
 l - a scroll of noise {unknown}
 o - a scroll of blinking {unknown}
 q - a scroll of random uselessness {unknown}
Potions
 a - a potion of heal wounds
 f - a potion of berserk rage
 h - a potion of mutation
 j - a potion of magic
 m - a potion of cancellation


   Skills:
 + Level 3.0 Fighting
 + Level 4.5 Throwing
 + Level 2.9 Dodging
 - Level 0.3 Stealth
 + Level 2.7 Unarmed Combat


You had 5 spell levels left.
You didn't know any spells.
Your spell library was empty.

Dungeon Overview and Level Annotations

Branches:
Dungeon (4/15)
 Temple: D:4-7

Altars:
Kikubaaqudgha
Vehumet

Annotations:
D:3 2 transporters, thewurscht's ghost, weakling GrFi


Innate Abilities, Weirdness & Mutations

You are too large for most types of armour.
You have claws for hands.
Your natural rate of healing is unusually fast.
You are covered in fur. (AC +1)
You have extremely tough skin. (AC +3)


Message History

You have reached level 6!
Your experience leads to an increase in your attributes!
Increase (S)trength, (I)ntelligence, or (D)exterity?
You feel clever.
You feel stronger.
* * * LOW HITPOINT WARNING * * *
You feel sick.
There is a lethal amount of poison in your body!
Unknown command.
You feel a strong urge to attack something.
* * * LOW HITPOINT WARNING * * *
You feel very sick.
There is a stone staircase leading down here.
You are no longer berserk.
You are exhausted.
You feel yourself slow down.
* * * LOW HITPOINT WARNING * * *
You feel very sick.
* * * LOW HITPOINT WARNING * * *
You feel very sick.
You die...

. # ... ##################
.....####.?...>...........
......)).@##....#####.....
......######....# #......
...!. .......# #......
.... ###....# #...... ...
#....# #...... .. #....#
#...... . ####.# ##.....
....<# ......


There were no monsters in sight!

Vanquished Creatures
  3 orc wizards (D:4)
  4 gnolls
  4 adders
  4 oozes
  2 worms
  3 dart slugs
  A leopard gecko (D:3)
  9 orcs
  10 bats
  A bat zombie (D:2)
  6 giant cockroaches
  9 goblins
  8 hobgoblins
  10 jackals
  2 ball pythons
  2 frilled lizards
  12 kobolds
  4 rats
  A rat zombie (D:2)
95 creatures vanquished.

Notes
Turn   | Place    | Note
-------+----------+-------------------------------------------
     0 | D:1      | KristoblXynda the Troll Hunter began the quest for the Orb.
     0 | D:1      | Reached XP level 1. HP: 19/19 MP: 0/0
    48 | D:1      | Reached XP level 2. HP: 28/28 MP: 1/1
   203 | D:1      | Reached skill level 1 in Unarmed Combat
   344 | D:1      | Reached XP level 3. HP: 35/35 MP: 2/2
   446 | D:1      | Reached skill level 4 in Throwing
   726 | D:1      | Reached XP level 4. HP: 37/42 MP: 3/3
  1145 | D:2      | Found an ancient bone altar of Kikubaaqudgha.
  1502 | D:2      | Reached XP level 5. HP: 50/50 MP: 4/4
  1542 | D:2      | Found a radiant altar of Vehumet.
  2145 | D:3      | Found a transporter.
  2149 | D:3      | Found a transporter.
  2149 | D:3      | Noticed thewurscht's ghost (weakling GrFi)
  2153 | D:3      | Noticed a necrophage
  2641 | D:4      | Reached XP level 6. HP: 17/61 MP: 5/5
  2644 | D:4      | HP: 2/61 [poisoned by an orc wizard]
  2645 | D:4      | Succumbed to an orc wizard's poison

Illustrated notes

Levels and vault maps discovered:
D:1:      lightli_arrival_statue_moat, layout_loops_ring
D:2:      layout_loops_corners, lemuel_zombie_altar_kikubaaqudgha,
          nicolae_overflow_hidden_temple, chequers_serial_rivers_small_b
D:3:      layout_loops_ring, gammafunk_ghost_mausoleum
D:4:      minmay_polygon_palace, layout_rooms

Skill      XL: |  1  2  3  4  5 |
---------------+----------------+-----
Unarmed Combat | 1 2 |  2.7
Dodging        | 2 |  2.9
Fighting       | 2 3 |  3.0
Throwing       | 4 |  4.5
Stealth        | |  0.3

Action                   |  1- 3 |  4- 6 || total
-------------------------+-------+-------++-------
Melee: Unarmed           |    92 |   202 ||   294
       Punch             |     2 |     1 ||     3
  Use: Scroll            |       |     6 ||     6
       Potion            |       |     2 ||     2
 Stab: Sleeping          |     2 |       ||     2
Armor: Robe              |    39 |    79 ||   118
Dodge: Dodged            |    66 |    96 ||   162

Table legend: (Time is in decaauts)
 A = Elapsed time spent in this place.
 B = Non-inter-level travel time spent in this place.
 C = Inter-level travel time spent in this place.
 D = Time resting spent in this place.
 E = Time spent auto-exploring this place.
 F = Levels seen in this place.
 G = Mean time per level.
                   A        B        C        D        E       F      G
               +--------+--------+--------+--------+--------+-----+--------+
         Total |   2632 |   2507 |    125 |    173 |   1560 |   4 |  658.0 |
       Dungeon |   2632 |   2507 |    125 |    173 |   1560 |   4 |  658.0 |
               +--------+--------+--------+--------+--------+-----+--------+

Top non-repeatable levels by time:
     D:2: 1005 daAuts
     D:1: 774 daAuts
     D:3: 770 daAuts
     D:4: 81 daAuts
